 Dungeon Crawl Stone Soup version 0.30-a0-840-ga523dec638 (webtiles) character file.

Game seed: 10161008887623903403

21 cforsyth the Sneak (level 3, 0/22 HPs)
             Began as a Kobold Brigand on Mar 2, 2023.
             Succumbed to an adder's poison
             ... on level 2 of the Dungeon.
             The game lasted 00:01:18 (801 turns).

cforsyth the Sneak (Kobold Brigand)                  Turns: 801, Time: 00:01:19

Health: 0/22       AC:  3    Str:  7 (8)  XL:     3   Next: 2%
Magic:  3/3        EV: 14    Int: 10 (12) God:
Gold:   54         SH:  0    Dex: 17 (18) Spells: 2/2 levels left

rFire   . . .      SeeInvis .    g - +2 short sword (venom)
rCold   . . .      Faith    .    (no shield)
rNeg    . . .      Spirit   .    b - +0 robe
rPois   .          Reflect  .    (no helmet)
rElec   .          Harm     .    c - +0 cloak
rCorr   .          Rampage  .    (no gloves)
Will    .....                    (no boots)
Stlth   ++++                     (no amulet)
HPRegen 0.23/turn                (no ring)
MPRegen 0.08/turn                (no ring)

@: lethally poisoned (0 -> -3)
A: small, no large weapons, nightstalker 3
a: no special abilities


You were on level 2 of the Dungeon.
You visited 1 branch of the dungeon, and saw 2 of its levels.

You collected 54 gold pieces.

Inventory:

Hand Weapons
 a - a +2 dagger
 g - a +2 short sword of venom (weapon)
Missiles
 d - 9 poisoned darts (quivered)
 e - 3 curare-tipped darts
Armour
 b - a +0 robe (worn)
 c - a +0 cloak (worn)
Potions
 f - a potion of degeneration


   Skills:
 + Level 2.6 Fighting
 + Level 3.2 Short Blades
 - Level 2.1 Throwing
 + Level 1.9 Dodging
 + Level 5.6 Stealth


You had 2 spell levels left.
You didn't know any spells.
Your spell library contained the following spells:

 Spells                   Type           Power      Damage    Failure   Level
 Apportation              Tloc           0%         N/A       36%         1
 Necrotise                Necr           0%         1d4       36%         1
 Summon Small Mammal      Summ           0%         N/A       36%         1
 Iskenderun's Battlesphe  Conj           0%         2d6       100%        5
 Iron Shot                Conj/Erth      0%         9d1       100%        6
 Spellforged Servitor     Conj/Summ      0%         N/A       100%        7


Dungeon Overview and Level Annotations

Branches:
Dungeon (2/15)

Altars:


Innate Abilities, Weirdness & Mutations

You are small and have problems with some larger weapons.
You are completely attuned to the shadows.


Message History

You are poisoned.
The adder poisons you!
A ball python comes into view.
You hit the adder.
The adder is poisoned.
The adder is severely wounded.
You feel sick. The adder bites you.
A ball python comes into view. x2
The adder bites you.
You are lethally poisoned!
The adder poisons you!
You are too injured to fight recklessly!
You are too injured to fight recklessly!
You are too injured to fight recklessly!
You are too injured to fight recklessly!
You are too injured to fight recklessly!
You are too injured to fight recklessly!
You are too injured to fight recklessly!
The adder attacks as you move away! The adder bites you.
* * * LOW HITPOINT WARNING * * *
x2 You feel sick.
The ball python hisses angrily.
You hit the adder.
The adder is almost dead.
* * * LOW HITPOINT WARNING * * *
You feel sick.
You kill the adder!
You have reached level 3!
Your experience leads to an increase in your attributes!
Increase (S)trength, (I)ntelligence, or (D)exterity?
You feel agile. x2
It was a potion of degeneration.
There was something very wrong with that liquid.
You feel weakened.
You feel dopey.
You feel clumsy.
* * * LOW HITPOINT WARNING * * *
You feel sick. The adder misses you.
Okay, then.
As you read the scroll labelled APHAUQUFIU, it crumbles to dust.
It is a scroll of identify.
You don't currently have any unidentified items.
You die...

#.# #.#
######.##############
.....................
.......##############
.......# ####
...?...# ..# .#....##
#.# ##.@## ####.###
##S.# .......< #SS.$#
####.### #...#...
#.### ...S##### #....
S_.# #####


You could see an adder and 3 ball pythons.

Vanquished Creatures
  An adder (D:2)
  An endoplasm (D:1)
  A hobgoblin (D:1)
  A quokka (D:1)
  3 ball pythons
  2 bats (D:1)
  3 frilled lizards
  A kobold (D:1)
  A rat (D:1)
14 creatures vanquished.

Notes
Turn   | Place    | Note
-------+----------+-------------------------------------------
     0 | D:1      | cforsyth the Kobold Brigand began the quest for the Orb.
     0 | D:1      | Reached XP level 1. HP: 12/12 MP: 1/1
   314 | D:1      | Reached XP level 2. HP: 18/18 MP: 2/2
   794 | D:2      | Found a faded altar of an unknown god.
   800 | D:2      | Reached XP level 3. HP: 3/22 MP: 3/3
   800 | D:2      | HP: 1/22 [poisoned by an adder]
   801 | D:2      | Succumbed to an adder's poison

Illustrated notes

Levels and vault maps discovered:
D:1:      dpeg_arrival_rhombus, layout_loops_ring
D:2:      layout_basic, serial_shops, shop, nicolae_ecumenical_snake_handling,
          uniq_terence

Skill      XL: |  1  2 |
---------------+-------+-----
Short Blades   | 3 |  3.2
Fighting       | |  2.6
Throwing       | |  2.1
Dodging        | |  1.9
Stealth        | |  5.6

Action                     || total
---------------------------++-------
  Melee: Dagger            ||     7
         Short sword       ||     9
    Use: Scroll            ||     1
         Potion            ||     1
   Stab: Sleeping          ||     9
 Armour: Robe              ||     1
  Dodge: Dodged            ||     3

Table legend: (Time is in decaauts)
 A = Elapsed time spent in this place.
 B = Non-inter-level travel time spent in this place.
 C = Inter-level travel time spent in this place.
 D = Time resting spent in this place.
 E = Time spent auto-exploring this place.
 F = Levels seen in this place.
 G = Mean time per level.
                   A        B        C        D        E       F      G
               +--------+--------+--------+--------+--------+-----+--------+
         Total |    797 |    775 |     22 |      0 |    696 |   2 |  398.5 |
       Dungeon |    797 |    775 |     22 |      0 |    696 |   2 |  398.5 |
               +--------+--------+--------+--------+--------+-----+--------+

Top non-repeatable levels by time:
     D:1: 749 daAuts
     D:2: 47 daAuts
